 Dungeon Crawl Stone Soup version 0.29.1-1-gd02db6906a (webtiles) character file.

Game seed: 13569872799518312180

1535 Tsarbomb the Cleaver (level 8, -11/66 HPs)
             Began as a Minotaur Berserker on Oct 4, 2022.
             Was a Believer of Trog.
             Mangled by a shadow (23 damage)
             ... on level 9 of the Dungeon.
             The game lasted 00:13:50 (5530 turns).

Tsarbomb the Cleaver (Minotaur Berserker)           Turns: 5530, Time: 00:13:51

Health: -11/66     AC: 13    Str: 25    XL:     8   Next: 55%
Magic:  7/7        EV:  7    Int:  4    God:    Trog [**....]
Gold:   260        SH:  0    Dex:  9    Spells: 7/7 levels left

rFire   + . .      SeeInvis .   z - +0 war axe
rCold   . . .      Faith    .   (no shield)
rNeg    + . .      Spirit   .   i - +0 plate armour
rPois   .          Reflect  .   (helmet restricted)
rElec   .          Harm     .   x - +0 cloak
rCorr   .          Rampage  .   v - +0 pair of gloves
Will    ++...                   (no boots)
Stlth   ..........              (no amulet)
HPRegen 1.21/turn               l - ring of positive energy
MPRegen 0.10/turn               m - ring of protection from fire

@: strong-willed (expiring), regenerating (expiring)
A: horns 2, retaliatory headbutt
a: Renounce Religion, Berserk, Trog's Hand


You were on level 9 of the Dungeon.
You worshipped Trog.
Trog was pleased with you.
You visited 1 branch of the dungeon, and saw 8 of its levels.

You collected 260 gold pieces.

Inventory:

Hand Weapons
 q - a +2 flail of holy wrath
 z - a +0 war axe (weapon)
Armour
 i - a +0 plate armour (worn)
 v - a +0 pair of gloves (worn)
 x - a +0 cloak (worn)
Jewellery
 l - a ring of positive energy (left hand)
 m - a ring of protection from fire (right hand)
Wands
 A - a wand of flame (5)
 B - a wand of roots (3)
 D - a wand of charming (8)
Scrolls
 b - 4 scrolls of poison {unknown}
 c - 2 scrolls of enchant armour {unknown}
 d - 5 scrolls of identify {unknown}
 f - a scroll of torment {unknown}
 g - 2 scrolls of summoning {unknown}
 h - 2 scrolls of magic mapping {unknown}
 j - 3 scrolls of immolation {unknown}
 n - 3 scrolls of fear {unknown}
 o - a scroll of acquirement {unknown}
 p - 4 scrolls of noise {unknown}
 r - 4 scrolls of teleportation {unknown}
 u - a scroll of blinking {unknown}
 y - 2 scrolls of vulnerability {unknown}
 C - a scroll of fog {unknown}
Potions
 a - a potion of brilliance {unknown}
 e - 3 potions of curing {unknown}
 k - 3 potions of attraction {unknown}
 s - a potion of cancellation {unknown}
 t - a potion of berserk rage {unknown}
 w - a potion of heal wounds {unknown}


   Skills:
 + Level 4.2 Fighting
 + Level 12.7 Axes
 + Level 3.6 Armour
 - Level 2.1 Dodging


You had 7 spell levels left.
You didn't know any spells.
Your spell library was empty.

Dungeon Overview and Level Annotations

Branches:
Dungeon (7/15)
 Temple: D:4-7

Altars:
Ashenzari
Sif Muna
Uskayaw

Shops:
D:2 *

Annotations:
D:3 Pargi
D:6 Menkaure
D:9 Erica


Innate Abilities, Weirdness & Mutations

You have a pair of horns on your head.
You reflexively headbutt those who attack you in melee.


Message History

Erica gestures at you while chanting. You resist with significant effort.
Erica casts a spell at you. The bolt of poison misses you.
Found a leather armour.
Erica casts a spell.
Erica flickers and vanishes!
Deactivating autopickup; reactivate with Ctrl-A.
A shadow comes into view.
The shadow closely misses you.
Found a rapier.
The shadow slips into darkness.
The shadow flickers and vanishes!
Found a short sword.
Found a puce potion.
The shadow strikes at you from the darkness!
Reactivating autopickup.
The shadow attacks as you move away! The shadow barely misses you.
You furiously retaliate!
You headbutt the shadow! The shadow attacks as you move away!
The shadow hits you. The shadow attacks as you move away!
The shadow closely misses you. The shadow attacks as you move away!
The shadow hits you. The shadow attacks as you move away! The shadow hits you.
Your skin crawls.
You feel strong-willed.
The shadow slips into darkness.
The shadow flickers and vanishes!
Deactivating autopickup; reactivate with Ctrl-A.
The shadow strikes at you from the darkness!
* * * LOW HITPOINT WARNING * * *
Reactivating autopickup.
Found a ring mail.
The shadow attacks as you move away! The shadow hits you.
* * * LOW HITPOINT WARNING * * *
The shadow slips into darkness.
The shadow flickers and vanishes!
Deactivating autopickup; reactivate with Ctrl-A.
You feel the effects of Trog's Hand fading.
The shadow strikes at you from the darkness!
You die...

#####[# #. ### # #
..# ... # #.#
##.## # #.## #.#
#...# #....##.#
#...# # ........#
#...# ##
#@######...######.
##.#...........##.
##...............
#[#...........##.
#.######...######.
..# #...# ## ###
#.....# # ##...##
##.##


There were no monsters in sight!

Vanquished Creatures
  Joseph (D:7)
  Maggie (D:7)
  An ogre (D:5)
  A bullfrog (D:7)
  A howler monkey (D:5)
  2 hounds
  A jelly (D:6)
  4 orc priests
  Crazy Yiuf (D:5)
  5 iguanas
  5 orc wizards
  Terence (D:3)
  Robin (D:2)
  6 adders
  A white imp (D:7)
  3 ufetubi
  A worm (D:3)
  4 dart slugs
  16 orcs
  3 endoplasms
  2 giant cockroaches
  9 goblins
  15 hobgoblins
  2 jackals (D:2)
  6 quokkas
  9 ball pythons
  4 bats
  7 kobolds
  4 rats
117 creatures vanquished.

Vanquished Creatures (others)
  3 plants (D:7)
3 creatures vanquished.

Grand Total: 120 creatures vanquished

Notes
Turn   | Place    | Note
-------+----------+-------------------------------------------
     0 | D:1      | Tsarbomb the Minotaur Berserker began the quest for the
                  | Orb.
     0 | D:1      | Reached XP level 1. HP: 19/19 MP: 0/0
    29 | D:1      | Reached skill level 4 in Axes
   369 | D:1      | Reached XP level 2. HP: 26/26 MP: 1/1
   973 | D:2      | Reached skill level 5 in Axes
   992 | D:2      | Reached XP level 3. HP: 21/31 MP: 2/2
  1095 | D:2      | Found Qoawim's Assorted Antiques.
  1592 | D:2      | Reached skill level 6 in Axes
  1592 | D:2      | Reached XP level 4. HP: 30/39 MP: 3/3
  1762 | D:2      | Noticed Robin
  1789 | D:2      | Killed Robin
  1789 | D:2      | Reached ** piety under Trog
  2199 | D:3      | Noticed Terence
  2203 | D:3      | Killed Terence
  2204 | D:3      | Reached skill level 7 in Axes
  2204 | D:3      | Reached XP level 5. HP: 42/45 MP: 4/4
  2454 | D:3      | Reached skill level 8 in Axes
  2616 | D:3      | Noticed Pargi
  2810 | D:4      | Reached XP level 6. HP: 51/51 MP: 5/5
  3097 | D:4      | Found a shimmering blue altar of Sif Muna.
  3645 | D:5      | Entered Level 5 of the Dungeon
  3655 | D:4      | Reached skill level 9 in Axes
  3779 | D:5      | Found a broken altar of Ashenzari.
  3809 | D:5      | Reached XP level 7. HP: 57/57 MP: 6/6
  3877 | D:5      | Reached skill level 10 in Axes
  4083 | D:5      | Reached *** piety under Trog
  4587 | D:5      | Found a runed translucent door.
  4588 | D:5      | Noticed Crazy Yiuf
  4636 | D:5      | Found a hide-covered altar of Uskayaw.
  4826 | D:5      | Killed Crazy Yiuf
  5070 | D:6      | Noticed Menkaure
  5089 | D:7      | Noticed Maggie
  5107 | D:7      | Killed Maggie
  5108 | D:7      | Reached skill level 11 in Axes
  5108 | D:7      | Reached XP level 8. HP: 56/64 MP: 7/7
  5158 | D:7      | Reached skill level 12 in Axes
  5277 | D:7      | Noticed Joseph
  5290 | D:7      | Killed Joseph
  5426 | D:7      | Noticed a komodo dragon
  5438 | D:7      | You fall into a shaft and drop 2 floors!
  5480 | D:9      | Noticed Erica
  5530 | D:9      | Mangled by a shadow

Illustrated notes

Levels and vault maps discovered:
D:1:      mrwooster_arrival_arrow, layout_rooms, serial_glass, glass_columns_a,
          glass_columns_b, minmay_misc_feat_doors
D:2:      layout_loops_ring, serial_shops, nicolae_shop_waterfront, uniq_robin
D:3:      layout_loops_corners, basic_ecumenical_altar, uniq_terence, uniq_pargi
D:4:      layout_basic, mainiacjoe_overflow_concentric_impassable
D:5:      layout_loops_ring, nicolae_uskayaw_suspiria, evilmike_ruin_ashenzari,
          uniq_crazy_yiuf_cottage
D:6:      layout_basic, minmay_temple_entry_trees, dreamdust_princess_bridge,
          minmay_misc_feat_five, uniq_menkaure
D:7:      nicolae_cairo_tiling_large, layout_loops_ring,
          mainiacjoe_overflow_alcove_2, zin_scriptorium, enter_bailey_3,
          minmay_lizard_king, uniq_maggie, uniq_joseph
D:9:      layout_loops_cross, xom_shifter_show, grunt_gozag_breadcrumbs,
          uniq_erica

Skill      XL: |  1  2  3  4  5  6  7  8 |
---------------+-------------------------+-----
Axes           | 4 5 6 7 8 9 11 12 | 12.7
Fighting       | 4 |  4.2
Armour         | 3 |  3.6
Dodging        | |  2.1

Action                   |  1- 3 |  4- 6 |  7- 9 || total
-------------------------+-------+-------+-------++-------
Melee: Hand axe          |    80 |   188 |    71 ||   339
       Headbutt          |    10 |    28 |    11 ||    49
       Punch             |     1 |       |     2 ||     3
       Flail             |       |       |     1 ||     1
       War axe           |       |       |    21 ||    21
Invok: Berserk           |     1 |     7 |     4 ||    12
       Trog's Hand       |       |       |     4 ||     4
Armor: Animal skin       |    18 |     1 |       ||    19
       Plate armour      |       |   104 |    52 ||   156
Dodge: Dodged            |    50 |    69 |    32 ||   151
